 Seeded DCSS version 0.27-a0-765-ge4d627daa3 (webtiles) character file.

Game seed: 20210324 (custom seed)

984 Snicker the Skirmisher (level 7, 0/55 (56) HPs)
             Began as a Demonspawn Brigand on Mar 24, 2021.
             Slain by an ogre
             ... wielding a +0 giant club
              (17 damage)
             ... on level 7 of the Dungeon.
             The game lasted 00:07:10 (4584 turns).

Snicker the Skirmisher (Demonspawn Brigand)         Turns: 4584, Time: 00:07:10

HP:   0/55 (56)     AC:  4    Str: 12    XL:     7   Next: 97%
MP:   7/7           EV: 14    Int: 12    God:
Gold: 123           SH:  4    Dex: 16    Spells: 6/6 levels left

rFire    . . .     SeeInvis .   a - +3 dagger
rCold    . . .     Faith    .   (no shield)
rNeg     . . .     Spirit   .   m - +0 leather armour
rPois    .         Reflect  .   (no helmet)
rElec    .         Harm     .   c - +0 cloak
rCorr    .         Rampage  .   (no gloves)
Will     +....                  (no boots)
Stlth    ++........             j - amulet of regeneration
HPRegen  1.18/turn              u - ring of willpower
MPRegen  0.10/turn              (no ring)

@: attractive, lightly drained
A: talons 1, foul stench 1, condensation shield
a: no special abilities


You were on level 7 of the Dungeon.
You visited 1 branch of the dungeon, and saw 6 of its levels.

You collected 123 gold pieces.

Inventory:

Hand Weapons
 a - a +3 dagger (weapon)
 i - a +2 dagger
Missiles
 d - 24 poisoned darts (quivered)
 e - 2 curare-tipped darts
Armour
 b - a +0 robe
 c - a +0 cloak (worn)
 m - a +0 leather armour (worn)
Jewellery
 j - an amulet of regeneration (around neck)
 l - an amulet of magic regeneration
 s - a ring of ice
 u - a ring of willpower (right hand)
Wands
 t - a wand of paralysis (8)
Scrolls
 g - 2 scrolls of noise
 h - a scroll of fog
 o - 2 scrolls of magic mapping
 r - a scroll of random uselessness


   Skills:
 + Level 5.5 Fighting
 - Level 1.7 Short Blades
 + Level 2.7 Throwing
 + Level 3.8 Armour
 + Level 5.0 Dodging
 - Level 3.6 Stealth
 + Level 0.3 Shields


You had 6 spell levels left.
You didn't know any spells.
Your spell library contained the following spells:

 Spells                   Type           Power      Damage    Failure   Level
 Animate Skeleton         Necr           0%         N/A       38%         1
 Pain                     Necr           0%         1d4       38%         1
 Vampiric Draining        Necr           0%         2d6       77%         3
 Animate Armour           Summ/Erth      0%         N/A       99%         4
 Animate Dead             Necr           0%         N/A       99%         4
 Leda's Liquefaction      Hex/Erth       0%         N/A       99%         4
 Agony                    Necr           0%         N/A       100%        5
 Bolt of Magma            Conj/Fire/Erth 0%         4d4       100%        5
 Iron Shot                Conj/Erth      0%         9d1       100%        6
 Statue Form              Tmut/Erth      0%         N/A       100%        6
 Shatter                  Erth           0%         3d5*      100%        9


Dungeon Overview and Level Annotations

Branches:
Dungeon (5/15)
 Temple: D:4-7

Altars:
Cheibriados
Fedhas
Kikubaaqudgha
Nemelex Xobeh


Innate Abilities, Weirdness & Mutations

You have sharp toenails.
You may rarely emit foul miasma when damaged in melee.
A meltable shield of frost defends you. (SH +4)


Message History

The wight barely misses you.
You hit the wight but do no damage.
The wight is moderately damaged.
A wight comes into view. It is wielding a +0 great sword.
The wight hits you with a +0 short sword!
* * * LOW HITPOINT WARNING * * *
You barely miss the wight.
The wight is moderately damaged.
The wight hits you with a +0 short sword.
* * * LOW HITPOINT WARNING * * *
It was a potion of attraction.
You feel attractive to monsters.
The wight hits you with a +0 short sword!
* * * LOW HITPOINT WARNING * * *
You feel drained.
* * * LOW HITPOINT WARNING * * *
You feel better.
The wight hits you with a +0 short sword!
* * * LOW HITPOINT WARNING * * *
You feel drained.
* * * LOW HITPOINT WARNING * * *
You feel better. You block the wight's attack.
You hit the wight.
The wight is moderately damaged.
Sorry, you're not good enough to have a special ability.
Unknown command.
Unknown command.
Aiming: Paralyse
Press: ? - help, Shift-Dir - straight line, f - wight
Aim: a wight, wielding a +0 short sword and wearing a +0 robe (moderately damaged, chance to affect: 46%)
The wight suddenly stops moving!
The helpless wight fails to defend itself.
You impale the wight!!
You destroy the wight!
The wight is pulled toward you!
Aiming: Paralyse
Press: ? - help, Shift-Dir - straight line, f - ogre
Aim: an ogre, wielding a +0 giant club (chance to affect: 46%)
The ogre resists with some effort.
The ogre hits you with a +0 giant club!
You die...

,*****,..........§..§y§#≈≈≈≈≈≈#..
,*,,,,,..........§..##§#...####.≈
,*,,,,,..........##.##§.........♣
,*,,,,,.........**#.............≈
,,,,,,,,#.....Y#* #.............≈
**,,,,,,#......# #............#≈
*,,,,,,#......# #.............≈
*,,,,,,#......#####............≈
*******#.......@Ozzn............
#####..#####............# ####
#..........,,* ####.......,**
*#......** *#####**


You could see an ogre, a necrophage and 2 wights.

Vanquished Creatures
  A black bear (D:5)
  A hornet zombie (D:7)
  An ice beast (D:7)
  An ogre (D:4)
  2 water moccasin skeletons
  4 killer bees (D:7)
  A wight (D:7)
  A howler monkey (D:4)
  A hound (D:4)
  A bullfrog skeleton (D:4)
  An orc priest (D:4)
  4 gnolls
  A howler monkey zombie (D:7)
  3 adders (D:2)
  2 adder skeletons (D:4)
  2 worms (D:2)
  14 orcs
  5 ball pythons
  5 endoplasms
  2 giant cockroaches
  8 goblins
  9 hobgoblins
  6 kobolds
  6 quokkas
  7 bats
  2 frilled lizards
  4 rats
95 creatures vanquished.

Notes
Turn   | Place    | Note
-------+----------+-------------------------------------------
     0 | D:1      | Snicker the Demonspawn Brigand began the quest for the Orb.
     0 | D:1      | Reached XP level 1. HP: 16/16 MP: 1/1
    69 | D:1      | Reached skill level 1 in Dodging
   455 | D:1      | Gained mutation: You have sharp toenails. [demonic
                  | ancestry]
   455 | D:1      | Reached XP level 2. HP: 21/22 MP: 2/2
  1056 | D:1      | Reached XP level 3. HP: 28/28 MP: 3/3
  1462 | D:2      | Found an ancient bone altar of Kikubaaqudgha.
  1562 | D:2      | Found a snail-covered altar of Cheibriados.
  1714 | D:2      | Reached XP level 4. HP: 27/34 MP: 4/4
  2604 | D:3      | Found a blossoming altar of Fedhas.
  2889 | D:3      | Found a sparkling altar of Nemelex Xobeh.
  2919 | D:3      | Gained mutation: You may rarely emit foul miasma when
                  | damaged in melee. [demonic ancestry]
  2919 | D:3      | Reached XP level 5. HP: 28/41 MP: 5/5
  3650 | D:4      | Reached skill level 1 in Armour
  3741 | D:4      | Reached XP level 6. HP: 44/48 MP: 6/6
  4338 | D:5      | Entered Level 5 of the Dungeon
  4373 | D:5      | Gained mutation: A meltable shield of frost defends you.
                  | (SH +4) [demonic ancestry]
  4373 | D:5      | Reached XP level 7. HP: 34/55 MP: 7/7
  4396 | D:5      | You fall into a shaft and drop 2 floors!
  4542 | D:7      | Reached skill level 5 in Fighting
  4571 | D:7      | Reached skill level 5 in Dodging
  4579 | D:7      | HP: 2/53 [wight/+0 short sword (1)]
  4584 | D:7      | Slain by an ogre

Illustrated notes

Levels and vault maps discovered:
D:1:      amcnicky_arrival_blooded_trapdoor, layout_loops_corners
D:2:      layout_basic, kiku_gazebo_garden_becter, general_overflow_altar,
          grunt_ministairs_1
D:3:      cheibrodos_old_hovel, layout_basic, lemuel_doored_altar,
          nemelex_xobeh_ov_fountains_minmay, serial_rivers,
          chequers_serial_rivers_micro_d, chequers_serial_rivers_small_3,
          chequers_serial_rivers_small_b, chequers_serial_rivers_micro_d,
          chequers_serial_rivers_marsh, guppyfry_early_orc_mine
D:4:      layout_loops_corners
D:5:      layout_basic, serial_curves, eino_curves_03, eino_curves_03
D:7:      layout_rooms, serial_rivers, chequers_serial_rivers_micro_b,
          chequers_serial_rivers_room_b, chequers_serial_rivers_micro_d,
          chequers_serial_rivers_marsh, chequers_serial_rivers_marsh,
          grunt_ministairs_6

Skill      XL: |  1  2  3  4  5  6  7 |
---------------+----------------------+-----
Dodging        | 1 2 3 4 5 |  5.0
Throwing       | 2 |  2.7
Fighting       | 3 4 5 |  5.5
Armour         | 1 2 3 |  3.8
Short Blades   | |  1.7
Stealth        | |  3.6
Shields        | |  0.3

Action                   |  1- 3 |  4- 6 |  7- 9 || total
-------------------------+-------+-------+-------++-------
Melee: Dagger            |    88 |   183 |    55 ||   326
       Kick              |     6 |    59 |    20 ||    85
Evoke: Wand              |       |       |     2 ||     2
  Use: Scroll            |       |       |     6 ||     6
       Potion            |       |       |     4 ||     4
 Stab: Sleeping          |    10 |     6 |       ||    16
       Paralysed         |       |       |     1 ||     1
Armor: Robe              |    20 |       |       ||    20
       Leather armour    |       |    21 |     5 ||    26
Dodge: Dodged            |    63 |    86 |    49 ||   198
Block: Other             |       |       |    12 ||    12

Table legend: (Time is in decaauts)
 A = Elapsed time spent in this place.
 B = Non-inter-level travel time spent in this place.
 C = Inter-level travel time spent in this place.
 D = Time resting spent in this place.
 E = Time spent auto-exploring this place.
 F = Levels seen in this place.
 G = Mean time per level.
                   A        B        C        D        E       F      G
               +--------+--------+--------+--------+--------+-----+--------+
         Total |   4562 |   4482 |     80 |    213 |   3409 |   6 |  760.3 |
       Dungeon |   4562 |   4482 |     80 |    213 |   3409 |   6 |  760.3 |
               +--------+--------+--------+--------+--------+-----+--------+

Top non-repeatable levels by time:
     D:1: 1361 daAuts
     D:2: 1143 daAuts
     D:3: 954 daAuts
     D:4: 861 daAuts
     D:7: 184 daAuts
     D:5: 56 daAuts
